 Dungeon Crawl Stone Soup version 0.26-b1-32-g5d43845318 (webtiles) character file.

Game seed: 13625222337772704047

137 Krom the Shield-Bearer (level 5, 0/46 HPs)
             Began as a Minotaur Fighter on Jan 11, 2021.
             Slain by a gnoll
             ... wielding a +0 flail
              (3 damage)
             ... on level 2 of the Dungeon.
             The game lasted 00:02:58 (1033 turns).

Krom the Shield-Bearer (Minotaur Fighter)           Turns: 1033, Time: 00:02:59

Health: 0/46       AC:  7    Str: 21    XL:     5   Next: 0%
Magic:  4/4        EV:  8    Int:  5    God:
Gold:   74         SH:  9    Dex: 10    Spells: 4/4 levels left

rFire    . . .     SeeInvis .   a - +0 war axe
rCold    . . .     Faith    .   c - +0 kite shield
rNeg     . . .     Spirit   .   b - +0 scale mail
rPois    .         Reflect  .   (helmet restricted)
rElec    .         Harm     .   (no cloak)
rCorr    .         Rampage  .   (no gloves)
Will     .....                  (no boots)
Stlth    ..........             (no amulet)
HPRegen  0.15/turn              (no ring)
MPRegen  0.09/turn              (no ring)

@: lethally poisoned (0 -> -1)
A: retaliatory headbutt, horns 2
a: no special abilities


You were on level 2 of the Dungeon.
You visited 1 branch of the dungeon, and saw 2 of its levels.

You collected 74 gold pieces.

Inventory:

Hand Weapons
 a - a +0 war axe (weapon)
Missiles
 f - 79 stones (quivered)
Armour
 b - a +0 scale mail (worn)
 c - a +0 kite shield (worn)
Jewellery
 m - an uncursed ring of magical power
Scrolls
 e - a scroll of teleportation {unknown}
 g - a scroll of amnesia {unknown}
 h - 4 scrolls of identify {unknown}
 j - a scroll of remove curse {unknown}
 k - a scroll of fear {unknown}
 n - a scroll of immolation {unknown}
Potions
 d - a potion of might
 i - a potion of curing {unknown}
 l - a potion of flight {unknown}


   Skills:
 + Level 4.2 Fighting
 + Level 4.0 Axes
 + Level 4.1 Armour
 * Level 2.0 Dodging
 + Level 4.6 Shields


You had 4 spell levels left.
You didn't know any spells.
Your spell library was empty.

Dungeon Overview and Level Annotations

Branches:
Dungeon (2/15)

Altars:


Innate Abilities, Weirdness & Mutations

You reflexively headbutt those who attack you in melee.
You have a pair of horns on your head.


Message History

You slash the ball python!
You kill the ball python!
The gnoll hits you but does no damage. You block the gnoll's attack.
You feel sick. The gnoll hits you with a +0 spear.
* * * LOW HITPOINT WARNING * * *
A kobold comes into view. It is wielding a +0 dagger.
Items here: ††††.
You slash the gnoll!
You kill the gnoll!
The gnoll hits you with a +0 flail!
* * * LOW HITPOINT WARNING * * *
Your Axes skill increases to level 4!
You have reached level 5!
You hit the gnoll.
The gnoll is heavily wounded.
The gnoll barely misses you.
You hit the gnoll but do no damage.
The gnoll is heavily wounded.
You feel sick. The gnoll hits you with a +0 flail.
You die...

#.........#
.÷........#
#÷........#
).........+
'.........#
...####<### #+# #+##
[..# #.# #.# .....
.†.#
#.#####.######.)...$
...#
#.#.......@g.'K.....
...#
#.#.###.######......
...####)#.# #.#
..... ..........#
#+# .... ...#.....##
g.. ...#[....# ..
...#.....# .
#.##.....# #.
#.....#


You could see a gnoll and a kobold.

Vanquished Creatures
  Robin (D:2)
  3 gnolls (D:2)
  3 adders (D:2)
  An ooze (D:1)
  A dart slug (D:2)
  3 leopard geckos
  2 ball pythons
  6 bats
  A giant cockroach (D:2)
  14 goblins
  4 hobgoblins (D:2)
  7 jackals
  A quokka (D:2)
  3 frilled lizards
  4 kobolds
  5 rats
59 creatures vanquished.

Notes
Turn   | Place    | Note
-------+----------+-------------------------------------------
     0 | D:1      | Krom the Minotaur Fighter began the quest for the Orb.
     0 | D:1      | Reached XP level 1. HP: 19/19 MP: 0/0
   169 | D:1      | Reached XP level 2. HP: 21/27 MP: 1/1
   314 | D:1      | Reached skill level 1 in Dodging
   556 | D:2      | Reached XP level 3. HP: 32/33 MP: 2/2
   824 | D:2      | Noticed Robin
   844 | D:2      | Reached XP level 4. HP: 40/40 MP: 3/3
   855 | D:2      | Killed Robin
  1032 | D:2      | Reached XP level 5. HP: 3/46 MP: 4/4
  1033 | D:2      | Slain by a gnoll

Illustrated notes

Levels and vault maps discovered:
D:1:      erik_arrival_orb_chamber, layout_basic, serial_park_tiny_pond
D:2:      layout_basic, uniq_robin

Skill      XL: |  1  2  3  4 |
---------------+-------------+-----
Dodging        | 1 2 |  2.0
Armour         | 4 |  4.1
Shields        | 4 |  4.6
Fighting       | 4 |  4.2
Axes           | 3 4 |  4.0

Action                   |  1- 3 |  4- 6 || total
-------------------------+-------+-------++-------
Melee: War axe           |    89 |    42 ||   131
       Headbutt          |     9 |     5 ||    14
Throw: Stone             |     3 |       ||     3
Armor: Scale mail        |    39 |    13 ||    52
Dodge: Dodged            |    37 |    12 ||    49
Block: Kite shield       |    48 |    19 ||    67
